 Dungeon Crawl Stone Soup version 0.20.1-1-g8b1a95d (console) character file.

3 hilaritas the Caller (level 1, -1/7 HPs)
             Began as a Felid Summoner on Mar 16, 2018.
             Slain by a jackal (3 damage)
             ... on level 1 of the Dungeon.
             The game lasted 00:01:21 (437 turns).

hilaritas the Caller (Felid Summoner)                Turns: 437, Time: 00:01:22

Health: -1/7       AC:  1    Str:  4    XL:     1   Next: 41%
Magic:  2/4        EV: 18    Int: 16    God:
Gold:   8          SH:  0    Dex: 16    Spells: 3/4 levels left
                                        Lives:  0   Deaths: 0

rFire    . . .     SeeInvis +   (weapon unavailable)
rCold    . . .     Gourm    .   (shield unavailable)
rNeg     . . .     Faith    .   (armour unavailable)
rPois    .         Spirit   .   (helmet unavailable)
rElec    .         Reflect  .   (cloak unavailable)
rCorr    .         Harm     .   (gloves unavailable)
MR       .....                  (boots unavailable)
Stlth    +++.......             (no amulet)
Regen    0.1/turn               (no ring)
MPRegen  0.1/turn               (no ring)

@: quick
A: no armour, no weapons or thrown items, stealth, claws 1, fangs 3, see
invisible, carnivore 3, speed 1, shaggy fur 1, slow metabolism 1, sharp paws
a: no special abilities


You were on level 1 of the Dungeon.
You were full.

You visited 1 branch of the dungeon, and saw 1 of its levels.

You collected 8 gold pieces.

Inventory:

Scrolls
 c - a scroll of enchant armour {unknown}
Books
 a - a book of Callings

   Spells                             Type                      Level
   a - Summon Small Mammal            Summoning                    1
   b - Call Imp                       Summoning                    2
   c - Call Canine Familiar           Summoning                    3
   d - Summon Guardian Golem          Hexes/Summoning              3
   e - Summon Lightning Spire         Summoning/Air                4
   f - Summon Ice Beast               Ice/Summoning                4
Comestibles
 b - 2 meat rations


   Skills:
 * Level 0.2 Fighting
 - Level 2.6 Dodging
 + Level 2.6 Stealth
 * Level 0.4 Unarmed Combat
 * Level 2.1 Spellcasting
 - Level 4.0 Summonings


You had 3 spell levels left.
You knew the following spells:

 Your Spells              Type           Power        Failure   Level  Hunger
a - Summon Small Mammal   Summ           ##..         4%          1    #......


Dungeon Overview and Level Annotations

Branches:
Dungeon (1/15)

Altars:


Innate Abilities, Weirdness & Mutations

You cannot wear armour.
You are incapable of wielding weapons or throwing items.
Your paws allow you to move quietly. (Stealth)
You have sharp claws.
You have razor-sharp teeth.
You have supernaturally acute eyesight. (SInv)
You are carnivorous and can eat meat at any time.
You cover ground quickly.
You are covered in fur. (AC +1)
You have a slow metabolism.
Your sharp claws are effective at attacking unaware monsters.


Message History

Your bat closely misses the jackal.
The jackal barely misses you. The jackal closely misses you.
Your quokka bites the jackal.
You barely miss the jackal. Your bite misses the jackal.
The jackal is heavily wounded.
Your bat closely misses the jackal.
The jackal bites you.
Your bat misses the jackal. You barely miss the jackal.
The jackal is heavily wounded.
Your bat barely misses the jackal.
The jackal misses you.
Your quokka closely misses the jackal.
You closely miss the jackal.
The jackal is heavily wounded.
The jackal bites you.
Your quokka barely misses the jackal.
Your rat completely misses the jackal.
The jackal misses you.
Your bat hits the jackal. You scratch the jackal.
The jackal is almost dead.
Your bat closely misses the jackal.
Your quokka barely misses the jackal.
The jackal bites you.
You die...

....)........
............#
#.........#
##+....8..#.#.# ...#
##......#...#####...##
#####....#............
...#....##..##.....#
#.##...##...+.....+
#..#'..##..##.....###
#####..#..##..##hr......
#...#####.##..#.@r.....#
#.#.#.. #.....#b.......#
#.#.#.# #..............+
..#.#.# +.(....##......#
#.#.#.###......# ......#
#.#....##......# .......
#.####.##........##)....
#....#.#..#.#..... .....
####.##'..#.#....# ...
###.##...#.##...
##...#....#


You could see a jackal, a friendly quokka, a friendly bat and a friendly rat.

Vanquished Creatures
  A goblin (D:1)
1 creature vanquished.

Vanquished Creatures (collateral kills)
  A hobgoblin (D:1)
  A jackal (D:1)
  A bat (D:1)
3 creatures vanquished.

Grand Total: 4 creatures vanquished

Notes
Turn   | Place    | Note
-------+----------+-------------------------------------------
     0 | D:1      | hilaritas the Felid Summoner began the quest for the Orb.
     0 | D:1      | Reached XP level 1. HP: 7/7 MP: 4/4
   437 | D:1      | Slain by a jackal

Action                   || total
-------------------------++-------
Melee: Unarmed           ||    14
       Bite              ||     3
 Cast: Summon Small Mamm ||     6
  Eat: Chunk             ||     2
Dodge: Dodged            ||    16
